 Dungeon Crawl Stone Soup version 0.24.0-125-gc4c63601f3 (webtiles) character file.

Game seed: 13495681450518838691, levelgen mode: deterministic

12471 grindst0ne the Slicer (level 12, -3/79 HPs)
             Began as a Kobold Berserker on Feb 26, 2020.
             Was a High Priest of Trog.
             Slain by a komodo dragon (22 damage)
             ... on level 1 of the Lair of Beasts.
             The game lasted 00:22:17 (12529 turns).

grindst0ne the Slicer (Kobold Berserker)           Turns: 12529, Time: 00:22:18

Health: -3/79      AC:  7    Str: 22    XL:     12   Next: 20%
Magic:  16/16      EV: 19    Int: 17    God:    Trog [*****.]
Gold:   502        SH: 12    Dex: 15    Spells: 11/11 levels left

rFire    . . .     SeeInvis .   q - +3 dagger (venom)
rCold    . . .     Gourm    .   D - +1 shield
rNeg     . . .     Faith    .   C - +0 leather armour of the Lich-sworn {Str+4 Int+8 Stlth-}
rPois    .         Spirit   .   (no helmet)
rElec    .         Reflect  .   z - +0 cloak
rCorr    .         Harm     .   n - +1 pair of gloves
MR       .....                  (no boots)
Stlth    ..........             (no amulet)
HPRegen  0.23/turn              (no ring)
MPRegen  0.15/turn              (no ring)

@: berserk cooldown, very slightly contaminated, hasted and slowed, studying
Throwing
A: small, carnivore
a: Berserk, Trog's Hand, Brothers in Arms, Renounce Religion


You were on level 1 of the Lair of Beasts.
You worshipped Trog.
Trog was extremely pleased with you.
You were very full.

You visited 2 branches of the dungeon, and saw 12 of its levels.

You collected 502 gold pieces.

Inventory:

Hand Weapons
 q - a +3 dagger of venom (weapon)
Missiles
 b - 7 boomerangs (quivered)
 e - 3 datura-tipped darts
 F - a throwing net
Armour
 h - a +0 plate armour
 n - a +1 pair of gloves (worn)
 z - a +0 cloak (worn)
 C - the +0 leather armour of the Lich-sworn (worn) {Str+4 Int+8 Stlth-}
   (You took it off a gnoll on level 8 of the Dungeon)

   It affects your strength (+4).
   It affects your intelligence (+8).
   It makes you less stealthy.
 D - a +1 shield (worn)
Jewellery
 r - the ring "Ufapugrusim" {rC- rN++ rCorr Stlth+}
   (You took it off a gnoll on level 8 of the Dungeon)

   [ring of resist corrosion]

   It makes you vulnerable to cold.
   It greatly protects you from negative energy.
   It provides partial protection from all sources of acid and corrosion.
   It makes you more stealthy.
 K - an uncursed ring of fire
Wands
 a - a wand of disintegration (13)
 s - a wand of polymorph (33)
 t - a wand of digging (4)
 w - a wand of iceblast (18)
 G - a wand of enslavement (11)
Scrolls
 j - a scroll of blinking
 p - 3 scrolls of teleportation
 u - a scroll of fog
 y - 2 scrolls of enchant weapon
 A - a scroll of identify
 E - a scroll of magic mapping
 H - a scroll of enchant armour
 I - a scroll of fear {unknown}
Potions
 k - 6 potions of flight
 l - a potion of mutation {unknown}
 o - 2 potions of cancellation
 v - a potion of lignification {unknown}
 x - a potion of berserk rage {unknown}
Books
 B - a manual of Throwing
Comestibles
 c - 24 rations


   Skills:
 + Level 10.9 Fighting
 - Level 11.1 Short Blades
 + Level 6.1 Armour
 - Level 10.0 Dodging
 * Level 6.1 Shields
 - Level 6.0 Evocations


You had 11 spell levels left.
You didn't know any spells.
Your spell library was empty.

Dungeon Overview and Level Annotations

Branches:
Dungeon (11/15)            Temple (0/1) D:4            Lair (1/6) D:11
    Orc (0/2) D:9

Altars:
Fedhas
Kikubaaqudgha
Sif Muna
Uskayaw
Wu Jian
The Shining One

Shops:
D:9 =


Innate Abilities, Weirdness & Mutations

You are small and have problems with some larger weapons.
You are carnivorous and can eat meat at any time.


Message History

The komodo dragon resists with some effort.
Your ogre hits the troll with a +0 giant club!
Your ogre hits the troll with a +0 giant club!!
The troll dies!
Trog accepts your kill.
Your ogre hits the komodo dragon with a +0 giant club!!
The komodo dragon bites your ogre!!
Your ogre closely misses the komodo dragon.
You are confused.
You feel invigorated. The komodo dragon bites your ogre!!
Your ogre dies!
Your ogre's corpse disappears in a puff of smoke!
The komodo dragon closely misses you.
You feel less invigorated.
You feel less confused. You block the komodo dragon's attack.
You hit the komodo dragon but do no damage.
The komodo dragon is poisoned.
You barely miss the komodo dragon. The komodo dragon bites you!!
You die...

...........
#..........
#......#.###
##...........
#............
#...........
##...........
#P..@..#.....
##(..l.......
###......#.....
.........##.###
........l.......
................
................
........)..##.PP
.####.....# ...


You could see 2 komodo dragons.

Vanquished Creatures
  3 two-headed ogres
  2 death yaks (D:11)
  The ghost of DrOrange the Fighter, a novice OgWz of Sif Muna (D:8)
  Pikel (D:6)
  An ugly thing (D:11)
  Psyche (D:9)
  Joseph (D:8)
  Maurice (D:8)
  3 trolls
  4 yaks
  A wyvern (D:8)
  Eustachio (D:5)
  A hungry ghost (D:9)
  Grum (D:8)
  2 water moccasins
  Duvessa (D:5)
  2 ice beasts
  2 slaves (D:6)
  6 orc warriors
  3 phantoms
  A sky beast (D:7)
  An eye of draining (D:11)
  4 ogres
  4 centaurs
  3 wolves (D:8)
  3 big kobolds
  5 bullfrogs
  3 gnoll sergeants
  Dowan (D:5)
  A wyvern skeleton (D:10)
  4 scorpions
  4 wights (D:5)
  A centaur zombie (D:5)
  3 crimson imps
  A jelly (D:8)
  A bullfrog zombie (D:11)
  A centaur skeleton (D:8)
  A gnoll shaman (D:8)
  3 orc priests (D:6)
  A bullfrog skeleton (D:9)
  6 hounds
  7 iguanas
  4 orc wizards
  3 worker ants
  A hell rat (D:11)
  Ijyb (D:3)
  Natasha (thrice) (D:2)
  A hound zombie (D:5)
  3 hound skeletons
  A howler monkey zombie (D:10)
  A worker ant zombie (D:8)
  13 gnolls
  2 howler monkey skeletons (D:10)
  16 adders
  A shadow imp (D:6)
  An adder zombie (D:5)
  An adder skeleton (D:8)
  A worm (D:2)
  2 dart slugs
  5 leopard geckos
  25 orcs
  5 giant cockroaches
  5 goblins (D:1)
  5 hobgoblins
  7 jackals
  4 quokkas
  A ball python (D:2)
  7 bats
  8 frilled lizards
  22 kobolds
  A quokka skeleton (D:4)
  4 rats
251 creatures vanquished.

Vanquished Creatures (collateral kills)
  A troll (Lair:1)
  A yak (Lair:1)
2 creatures vanquished.

Vanquished Creatures (others)
  A crimson imp (D:6)
  A shadow imp (D:6)
  An adder skeleton (D:6)
  2 fungi (D:10)
  6 plants (D:8)
11 creatures vanquished.

Grand Total: 264 creatures vanquished

Notes
Turn   | Place    | Note
-------+----------+-------------------------------------------
     0 | D:1      | grindst0ne the Kobold Berserker began the quest for the
                  | Orb.
     0 | D:1      | Reached XP level 1. HP: 14/14 MP: 1/1
   111 | D:1      | Reached XP level 2. HP: 18/19 MP: 2/2
   872 | D:2      | Reached XP level 3. HP: 24/24 MP: 3/3
  1018 | D:2      | Noticed Natasha
  1031 | D:2      | Killed Natasha
  1245 | D:2      | Reached XP level 4. HP: 22/29 MP: 4/4
  1282 | D:2      | Reached skill level 5 in Short Blades
  1371 | D:2      | Noticed Natasha
  1380 | D:2      | Killed Natasha
  1496 | D:2      | Reached XP level 5. HP: 32/34 MP: 5/5
  1654 | D:2      | Noticed Natasha
  1664 | D:2      | Killed Natasha
  1664 | D:2      | Reached ** piety under Trog
  1796 | D:2      | Found a shimmering blue altar of Sif Muna.
  2124 | D:3      | Reached XP level 6. HP: 39/39 MP: 6/6
  2622 | D:3      | Noticed Ijyb
  2630 | D:3      | Killed Ijyb
  2630 | D:3      | Reached skill level 6 in Short Blades
  2761 | D:4      | Reached skill level 5 in Fighting
  2761 | D:4      | Reached skill level 1 in Evocations
  2773 | D:4      | Reached skill level 5 in Dodging
  2773 | D:4      | Reached XP level 7. HP: 19/44 MP: 6/8
  3067 | D:4      | Found a staircase to the Ecumenical Temple.
  3159 | D:4      | Found an ornate altar of the Wu Jian Council.
  3548 | D:4      | Found a glowing golden altar of the Shining One.
  3773 | D:5      | Entered Level 5 of the Dungeon
  4051 | D:5      | Noticed Eustachio
  4072 | D:5      | Killed Eustachio
  4072 | D:5      | Reached skill level 7 in Short Blades
  4105 | D:5      | Reached XP level 8. HP: 10/51 MP: 10/10
  5081 | D:5      | Reached *** piety under Trog
  5183 | D:5      | You fall into a shaft and drop 2 floors!
  5274 | D:7      | Reached skill level 8 in Short Blades
  5600 | D:5      | Noticed Duvessa
  5600 | D:5      | Noticed Dowan
  5609 | D:5      | Killed Dowan
  5625 | D:5      | Killed Duvessa
  5625 | D:5      | Reached XP level 9. HP: 28/56 MP: 12/12
  5698 | D:5      | Reached skill level 5 in Evocations
  6131 | D:6      | Noticed Pikel
  6147 | D:6      | Killed Pikel
  6188 | D:6      | Reached skill level 9 in Short Blades
  7386 | D:8      | Found a blossoming altar of Fedhas.
  7486 | D:8      | Found an ancient bone altar of Kikubaaqudgha.
  7580 | D:8      | Noticed Grum
  7782 | D:8      | Noticed Joseph
  7817 | D:8      | Killed Joseph
  7817 | D:8      | Reached XP level 10. HP: 64/64 MP: 14/14
  7889 | D:8      | Reached skill level 10 in Short Blades
  7929 | D:8      | Noticed Maurice
  7953 | D:8      | Killed Maurice
  8185 | D:8      | Found a transporter.
  8186 | D:8      | Found a transporter.
  8189 | D:8      | Noticed a two-headed ogre
  8195 | D:8      | Killed a two-headed ogre
  8261 | D:8      | Noticed DrOrange's ghost (novice OgWz)
  8276 | D:8      | Found a hide-covered altar of Uskayaw.
  8501 | D:8      | Identified the +0 leather armour of the Lich-sworn {Str+4
                  | Int+8 Stlth-}
  8501 | D:8      | Identified the ring "Ufapugrusim" {rC- rN++ rCorr Stlth+}
  8674 | D:8      | Killed Grum
  8757 | D:8      | Killed DrOrange's ghost
  8757 | D:8      | Reached skill level 11 in Short Blades
  8925 | D:9      | Reached XP level 11. HP: 60/71 MP: 15/15
  8936 | D:9      | Reached skill level 10 in Dodging
  8936 | D:9      | Reached skill level 1 in Shields
  9259 | D:9      | Reached **** piety under Trog
  9278 | D:9      | Found a staircase to the Orcish Mines.
  9488 | D:9      | Found Toupt's Jewellery Emporium.
  9504 | D:9      | Noticed Psyche
  9518 | D:9      | Killed Psyche
  9724 | D:9      | Reached skill level 10 in Fighting
 10487 | D:9      | Reached skill level 5 in Armour
 10643 | D:10     | Entered Level 10 of the Dungeon
 10673 | D:10     | Noticed a two-headed ogre
 10683 | D:10     | Killed a two-headed ogre
 11363 | D:10     | Reached ***** piety under Trog
 11857 | D:11     | Noticed a two-headed ogre
 11867 | D:11     | Killed a two-headed ogre
 12099 | D:11     | Reached skill level 5 in Shields
 12143 | D:11     | Noticed a red ugly thing
 12172 | D:11     | Killed a red ugly thing
 12436 | D:11     | Noticed a death yak
 12437 | D:11     | Found a staircase to the Lair.
 12437 | D:11     | Noticed a death yak
 12438 | D:11     | Noticed a death yak
 12467 | D:11     | Killed a death yak
 12467 | D:11     | Reached XP level 12. HP: 70/79 MP: 16/16
 12495 | D:11     | Killed a death yak
 12511 | Lair:1   | Entered Level 1 of the Lair of Beasts
 12516 | Lair:1   | HP: 3/79 [troll (12)]
 12529 | Lair:1   | Slain by a komodo dragon

Levels and vault maps discovered:
D:1:      lightli_arrival_lavapool, layout_loops_corners
D:2:      layout_basic, lemuel_blue_sif_altar, uniq_natasha
D:3:      layout_basic, uniq_ijyb
D:4:      cheibrodos_thug_alley, layout_rooms, old_standard_altar,
          minmay_temple_entry_trees, first_ration, kennysheep_cross_room,
          tso_altar
D:5:      layout_basic, minivault_27, uniq_duvessa, uniq_eustachio
D:6:      layout_loops_ring, uniq_pikel
D:7:      layout_basic
D:8:      layout_basic, kennysheep_little_box, lemuel_round_altar,
          gammafunk_ghost_gnarly_gnolls, grunt_ogre_cave, fedhas_altar_3,
          uniq_maurice, uniq_joseph
D:9:      layout_basic, orc_0_dummy, serial_shops, shop, uniq_psyche
D:10:     old_forge, layout_basic
D:11:     layout_roguey, dpeg_lair_monsters, minmay_shattered_shrine
Lair:1:   layout_regular_city, portal_ice_cave_entry_imps, minivault_25,
          st_stairs_13, minmay_lair_oklob_chamber, uniq_nergalle,
          uniq_prince_ribbit2

Skill      XL: |  1  2  3  4  5  6  7  8  9 10 11 12 |
---------------+-------------------------------------+-----
Dodging        | 3 4 5 7 8 9 10 | 10.0
Fighting       | 4 5 6 8 9 10 | 10.9
Short Blades   | 5 6 7 8 9 11 | 11.1
Evocations     | 1 3 4 6 |  6.0
Armour         | 2 4 5 6 |  6.1
Shields        | 5 6 |  6.1

Action                   |  1- 3 |  4- 6 |  7- 9 | 10-12 || total
-------------------------+-------+-------+-------+-------++-------
Melee: Short sword       |    82 |    51 |       |       ||   133
       Dagger            |       |   122 |   172 |   692 ||   986
       Rapier            |       |       |   306 |       ||   306
Invok: Berserk           |     2 |     4 |    18 |    18 ||    42
       Trog's Hand       |       |       |       |     3 ||     3
       Brothers in Arms  |       |       |       |     1 ||     1
Evoke: Wand              |       |       |     1 |     7 ||     8
  Use: Scroll            |       |       |    11 |     4 ||    15
       Potion            |       |       |     8 |     8 ||    16
 Stab: Distracted        |     1 |       |       |       ||     1
       Sleeping          |     1 |       |       |       ||     1
       Invisible         |       |       |     1 |       ||     1
  Eat: Chunk             |    10 |    10 |    30 |    43 ||    93
Armor: Animal skin       |    12 |       |       |       ||    12
       Ring mail         |     5 |    28 |    56 |    12 ||   101
       Skin              |       |     3 |     2 |       ||     5
       Leather armour    |       |       |       |    39 ||    39
Dodge: Dodged            |    71 |   102 |   278 |   353 ||   804
Block: Shield            |       |       |       |    73 ||    73
